Map: Oxide LE

Players

Nina

  • Race: Protoss Protoss
  • League: Grandmaster

Vindicta - Winner!

  • Race: Terran Terran
  • League: Master

Event: DreamHack SC2 Masters 2021 Summer

VOD

Have the link to the VOD?

Description

Time

  • Played on: June 3, 2021, 3:27 p.m.
  • Length: 11:52

All games in this series

Show
View Real Time Build Order
Export as new Build Order

Nina Protoss 

Build Orders: 1 Gate Expand, Blink Stalkers 

Get SALT Encoding   

  12  0:00  Probe  
  13  0:12  Probe  
  14  0:17  Pylon  
  14  0:24  Probe  
  14  0:27  Assimilator  
  15  0:38  Gateway  
  15  0:41  Probe (Chrono Boost)  
  16  0:51  Probe (Chrono Boost)  
  16  0:56  Probe (Chrono Boost)  
  18  1:08  Probe  
  19  1:21  Probe  
  20  1:26  Cybernetics Core  
  20  1:36  Nexus  
  20  1:38  Probe  
  21  1:46  Pylon  
  21  1:51  Probe  
  22  1:57  Assimilator  
  22  2:02  Adept (Chrono Boost)  
  22  2:08  Shield Battery  
  24  2:09  Warp Gate  
  24  2:12  Probe  
  25  2:24  Probe (Chrono Boost)  
  25  2:25  Adept  
  28  2:36  Probe (Chrono Boost), Twilight Council  
  29  2:43  Probe (Chrono Boost)  
  30  2:49  Probe (Chrono Boost)  
  31  2:52  Probe (Chrono Boost)  
  31  2:55  Stalker  
  34  3:01  Probe (Chrono Boost)  
  34  3:04  Pylon  
  36  3:09  Probe (Chrono Boost)  
  36  3:10  Probe (Chrono Boost)  
  36  3:12  Blink (Chrono Boost)  
  37  3:15  Probe  
  37  3:16  Probe  
  39  3:23  Gateway  
  39  3:27  Probe  
  39  3:28  Probe  
  40  3:40  Probe (Chrono Boost)  
  42  3:42  Probe (Chrono Boost), Robotics Facility  
  42  3:52  Probe (Chrono Boost)  
  42  3:55  Probe (Chrono Boost)  
  44  3:56  Probe (Chrono Boost)  
  44  4:02  Nexus  
  45  4:03  Probe  
  45  4:06  Stalker  
  45  4:08  Probe  
  49  4:15  Probe  
  50  4:20  Probe, Gateway, Sentry  
  53  4:26  Assimilator  
  53  4:27  Probe  
  53  4:28  Pylon  
  54  4:32  Pylon  
  54  4:41  Pylon  
  54  4:46  Probe  
  54  4:47  Observer  
  54  4:50  Probe, Stalker x2  
  61  4:57  Gateway x2  
  61  4:58  Probe  
  62  5:02  Gateway  
  62  5:09  Immortal  
  62  5:11  Probe  
  62  5:14  Sentry x2  
  69  5:16  Shield Battery  
  69  5:18  Probe  
  69  5:20  Probe  
  73  5:22  Observer  
  73  5:23  Probe  
  73  5:28  Pylon  
  74  5:31  Stalker  
  74  5:33  Probe  
  74  5:35  Probe, Charge (Chrono Boost)  
  73  5:36  Probe  
  73  5:41  Zealot x2  
  79  5:47  Probe  
  79  5:49  Shield Battery  
  81  5:51  Immortal (Chrono Boost)  
  81  5:56  Probe  
  85  5:57  Probe  
  85  6:02  Zealot x2  
  85  6:03  Probe  
  91  6:09  Zealot x2  
  95  6:12  Probe x2  
  95  6:17  Gateway  
  97  6:19  Pylon  
  97  6:23  Stalker x2  
  101  6:28  Probe  
  101  6:33  Pylon  
  101  6:34  Pylon  
  101  6:35  Pylon  
  101  6:37  Templar Archives, Probe  
  102  6:47  Assimilator  
  102  6:53  Zealot x6  
  114  6:58  Warp Prism  
  106  7:14  Probe, Stalker x4  
  111  7:17  Probe  
  111  7:19  Probe  
  113  7:26  Probe  
  113  7:29  Probe  
  113  7:31  Probe  
  113  7:33  Stalker x3  
  118  7:41  Stalker x3  
  118  7:43  Probe  
  118  7:44  Probe  
  123  7:51  Probe  
  123  7:54  Observer  
  123  7:55  Probe  
  123  7:58  Probe, Forge  
  127  8:01  Assimilator, Forge  
  127  8:11  High Templar, Psionic Storm  
  129  8:13  Probe  
  129  8:15  Pylon  
  129  8:16  Pylon  
  130  8:26  Pylon  
  130  8:27  Pylon  
  130  8:30  Pylon  
  130  8:33  Probe  
  129  8:36  Pylon  
  129  8:37  Probe  
  129  8:38  Probe  
  131  8:45  Probe  
  131  8:47  Stalker x4  
  128  8:49  Probe  
  128  8:50  Probe  
  128  8:55  High Templar  
  130  8:58  Gateway  
  130  9:00  Probe  
  131  9:05  Photon Cannon  
  131  9:07  Protoss Ground Weapons Level 1 (Chrono Boost), Assimilator  
  131  9:16  Zealot x5  
  141  9:23  Protoss Ground Armor Level 1 (Chrono Boost)  
  140  9:33  Zealot  
  140  9:34  Nexus, Zealot  
  140  9:37  High Templar x2  
  140  9:38  Zealot  
  150  9:40  Archon  
  150  9:43  Zealot x2  
  154  9:48  Gateway  
  143  10:08  Probe  
  143  10:09  Probe, Immortal (Chrono Boost)  
  149  10:15  Robotics Bay  
  149  10:17  Pylon  
  149  10:20  High Templar x2  
  149  10:21  Probe, Pylon  
  154  10:23  Probe  
  154  10:25  Pylon  
  154  10:28  Probe  
  156  10:33  Probe  
  156  10:35  Zealot x3  
  156  10:36  Zealot  
  158  10:51  Zealot x3, Immortal  
  168  10:57  Archon  
  151  11:11  Zealot x6  
  137  11:12  Probe  
  137  11:15  High Templar x2  
  137  11:17  Probe x2  
  145  11:18  Probe  
  145  11:24  Probe  
  124  11:25  Zealot  
  124  11:32  Zealot x5  
  106  11:36  Zealot  
  90  11:46  Zealot  
Show
View Real Time Build Order
Export as new Build Order

Vindicta Terran - Winner!

Build Orders: Reaper Expand 

Get SALT Encoding   

  12  0:00  SCV  
  13  0:12  SCV  
  14  0:17  Supply Depot  
  14  0:24  SCV  
  15  0:39  SCV  
  15  0:40  Barracks  
  16  0:42  Refinery  
  16  0:51  SCV  
  17  1:03  SCV  
  18  1:15  SCV  
  19  1:29  Reaper, Orbital Command  
  20  1:53  Command Center  
  20  1:56  SCV  
  20  2:00  Marine  
  22  2:01  Supply Depot  
  23  2:08  SCV  
  23  2:12  Factory  
  23  2:23  SCV, Marine  
  23  2:26  Bunker  
  25  2:30  Refinery  
  25  2:38  SCV  
  25  2:41  Barracks Reactor  
  26  2:50  SCV  
  27  2:56  Widow Mine  
  29  3:02  Starport  
  29  3:03  SCV  
  30  3:06  Orbital Command  
  30  3:15  SCV  
  30  3:17  Widow Mine, Marine  
  30  3:18  Marine  
  35  3:23  Supply Depot  
  35  3:27  SCV  
  35  3:34  SCV  
  37  3:35  Marine  
  37  3:36  Marine  
  38  3:41  Medivac  
  38  3:42  Barracks  
  38  3:43  Factory Tech Lab  
  40  3:49  SCV x2  
  40  3:53  Marine  
  40  3:55  Supply Depot  
  43  4:01  SCV x2  
  45  4:07  Marine  
  45  4:09  Factory Tech Lab  
  46  4:10  Barracks  
  46  4:11  Marine  
  46  4:13  SCV  
  46  4:14  SCV  
  49  4:18  Supply Depot  
  49  4:21  Raven  
  51  4:25  SCV  
  51  4:31  Refinery  
  53  4:36  Factory Tech Lab, Engineering Bay  
  53  4:37  SCV, Stimpack  
  55  4:38  Marauder  
  55  4:42  SCV  
  56  4:46  Marine  
  56  4:49  SCV  
  57  4:54  SCV, Supply Depot  
  58  5:00  Refinery, Siege Tank  
  58  5:01  Marine  
  58  5:02  SCV  
  58  5:06  SCV  
  64  5:13  Supply Depot  
  64  5:14  SCV  
  65  5:17  Starport Reactor  
  65  5:18  SCV, Combat Shield, Supply Depot  
  65  5:19  Marine x2  
  68  5:22  Marine  
  68  5:25  Marine  
  68  5:26  SCV  
  71  5:34  Siege Tank  
  75  5:41  Marauder  
  78  5:43  Marauder  
  78  5:45  SCV, Supply Depot  
  78  5:47  Marine x2  
  81  5:51  Supply Depot  
  81  5:53  SCV  
  81  5:56  Medivac  
  84  5:58  SCV, Medivac  
  84  6:02  Marauder  
  89  6:04  Marauder  
  89  6:09  Marine x2  
  93  6:14  Factory Reactor  
  93  6:16  Command Center  
  93  6:23  Marine  
  94  6:25  Marine, Supply Depot  
  94  6:27  Marine  
  94  6:28  Concussive Shells, Medivac x2  
  94  6:30  Marine  
  101  6:42  Marauder  
  101  6:43  Barracks, Marine  
  101  6:45  SCV, Marine  
  106  6:47  Barracks  
  106  6:48  Marine  
  107  6:57  SCV  
  107  6:58  Supply Depot  
  107  7:01  Marine  
  108  7:02  Marine x2  
  108  7:03  Widow Mine  
  108  7:06  Marine  
  100  7:19  Marine  
  100  7:20  Widow Mine, Marine, Medivac  
  100  7:21  Marauder  
  100  7:24  Marine, Supply Depot  
  100  7:26  Widow Mine  
  100  7:27  Liberator  
  100  7:28  Orbital Command  
  106  7:33  SCV  
  106  7:37  Marine  
  108  7:38  Marauder, Marine  
  108  7:42  Widow Mine, Marauder, Marine  
  115  7:48  Barracks Reactor  
  112  7:52  Terran Infantry Weapons Level 1  
  112  7:53  Orbital Command, Armory, Ghost Academy  
  112  7:55  Marauder  
  112  7:56  Marine  
  115  8:00  SCV x2  
  115  8:01  Marine  
  118  8:07  Widow Mine x2  
  118  8:12  SCV x2  
  124  8:16  Marine  
  124  8:17  Marauder  
  128  8:22  Supply Depot  
  128  8:24  SCV, Marauder  
  130  8:28  SCV  
  130  8:30  Enhanced Shockwaves  
  130  8:32  Ghost  
  131  8:40  Marauder, Marine  
  134  8:41  SCV  
  134  8:45  Marauder  
  133  8:48  Refinery  
  133  8:49  SCV  
  133  8:50  SCV  
  135  8:59  Engineering Bay, Marine, Supply Depot  
  135  9:00  Ghost, Medivac x2, Supply Depot  
  135  9:01  SCV, Sensor Tower  
  135  9:02  Widow Mine  
  145  9:04  SCV x2  
  145  9:05  Marine  
  148  9:10  Ghost  
  148  9:13  SCV  
  148  9:16  SCV  
  153  9:18  SCV  
  153  9:19  Refinery  
  153  9:28  Supply Depot  
  155  9:33  Ghost  
  155  9:34  Marine  
  155  9:35  Marine  
  155  9:36  Command Center  
  159  9:39  Terran Infantry Armor Level 1  
  159  9:40  SCV x3, Marauder  
  159  9:42  Missile Turret  
  159  9:44  Marine  
  159  9:45  Marauder, Marine  
  166  9:46  Missile Turret  
  166  9:52  Marine  
  166  9:59  Orbital Command  
  162  10:03  Marine, Ghost  
  162  10:04  Marauder  
  162  10:05  Marine  
  157  10:09  Marine  
  157  10:10  SCV  
  157  10:12  SCV  
  159  10:20  Marine  
  159  10:21  Marauder  
  159  10:23  SCV  
  159  10:26  SCV  
  159  10:28  Marauder, Marine x2  
  164  10:30  Marine  
  164  10:34  Widow Mine  
  164  10:35  Marine  
  169  10:38  Marine  
  170  10:47  Ghost  
  170  10:49  Ghost  
  174  10:52  Ghost, Planetary Fortress  
  175  10:58  Marine  
  175  11:01  Marine  
  175  11:02  SCV, Marine  
  169  11:05  SCV x2, Marine  
  161  11:14  SCV  
  161  11:15  Medivac x2  
  161  11:16  Marine  
  161  11:17  SCV  
  168  11:22  SCV  
  162  11:29  Marine x2  
  153  11:32  Missile Turret  
  153  11:36  SCV  
  148  11:40  SCV  
Tags
 
Add a new tag
Caveats
  • Supply blocks, unpowered buildings, or Contaminate may cause inaccurate times.
  • Supply counts are checked every 10 seconds.